[Event "Titled Tuesday Blitz March 29 Early 2022"]
[White "Khamzin, Olzhas"]
[Black "Vokhidov, Shamsiddin"]
[WhiteFideId "13701690"]
[BlackFideId "14204223"]
[WhiteElo "2194"]
[BlackElo "2611"]
[Result "0-1"]
[Round "02"]
[TimeControl "180+1"]
[Date "2022.03.29"]
[WhiteClock "0:00:55"]
[BlackClock "0:01:39"]

1. d4 Nf6 2. Nc3 d5 3. Bg5 Nbd7 4. e3 e6 5. Qf3 Bb4 6. Ne2 c5 7. O-O-O c4 8. g4 Qa5 9. Bxf6 Nxf6 10. g5 Ne4 11. Nxe4 dxe4 12. Qxe4 Qxa2 13. c3 Be7 14. h4 Bd7 15. d5 exd5 16. Qb1 Qxb1+ 17. Kxb1 h6 18. Bg2 hxg5 19. hxg5 Rxh1 20. Bxh1 O-O-O 21. Rxd5 Rh8 22. Rd1 Rh2 23. Bd5 Rxf2 24. Bxc4 Bxg5 25. e4 Bg4 26. Rd5 Bxe2 27. Bxe2 Rxe2 28. Rxg5 g6 29. Rg4 Kd7 30. Ka2 Ke6 31. Rf4 f6 32. Rg4 g5 33. Kb3 Ke5 0-1


[Site "https://www.chess.com"]

[Event "Titled Tuesday Blitz March 29 Early 2022"]
[White "Khumalo, Keith"]
[Black "Sarkar, Justin"]
[WhiteFideId "14319470"]
[BlackFideId "2010011"]
[WhiteElo "2038"]
[BlackElo "2038"]
[Result "1-0"]
[Round "02"]
[TimeControl "180+1"]
[Date "2022.03.30"]
[WhiteClock "0:02:09"]
[BlackClock "0:00:01"]

1. e4 c5 2. Nf3 d6 3. Nc3 Nf6 4. h3 g6 5. d4 cxd4 6. Nxd4 Bg7 7. Be3 Nc6 8. g4 h5 9. g5 Nd7 10. Bg2 Nde5 11. Qe2 Nxd4 12. Bxd4 Nf3+ 13. Qxf3 Bxd4 14. O-O-O Bg7 15. Nd5 Be6 16. Qb3 O-O 17. f4 Bxd5 18. Rxd5 Qc7 19. f5 Kh7 20. Rf1 Be5 21. Rb5 b6 22. fxg6+ fxg6 23. Rf7+ Rxf7 24. Qxf7+ Bg7 25. e5 Rf8 26. Qe6 Bxe5 27. Be4 Rf1+ 28. Kd2 Bf4+ 29. Ke2 1-0


[Site "https://www.chess.com"]

[Event "Titled Tuesday Blitz March 29 Early 2022"]
[White "Kiltti, Jyrki"]
[Black "Posthuma, Joshua"]
[WhiteFideId "501204"]
[BlackFideId "2096889"]
[WhiteElo "2245"]
[BlackElo "2176"]
[Result "0-1"]
[Round "02"]
[TimeControl "180+1"]
[Date "2022.03.30"]
[WhiteClock "0:00:50"]
[BlackClock "0:00:32"]

1. Nc3 g6 2. h4 Nf6 3. e4 d6 4. h5 Nxh5 5. Rxh5 gxh5 6. Qxh5 e6 7. Nf3 Qf6 8. d4 Qg6 9. Qh2 Nc6 10. Be3 Bd7 11. O-O-O O-O-O 12. Bd3 h5 13. e5 Qg4 14. Ne4 dxe5 15. Nf6 Qg7 16. dxe5 Be7 17. Bg5 Nd4 18. Bh4 Bc6 19. Nxd4 Rxd4 20. g3 Rhd8 21. f4 Bb5 22. Qe2 Bxd3 23. Rxd3 Rxd3 24. cxd3 Qg6 25. Kc2 Bxf6 26. Bxf6 Rd5 27. Bh4 b6 28. b4 c5 29. a3 c4 30. Kc3 Qxd3+ 31. Qxd3 cxd3 32. Kd2 Kb7 0-1


[Site "https://www.chess.com"]

[Event "Titled Tuesday Blitz March 29 Early 2022"]
[White "Kobalia, Mikhail"]
[Black "Gracia Alvarez, Gerardo Antonio"]
[WhiteFideId "4119150"]
[BlackFideId "5109124"]
[WhiteElo "2667"]
[BlackElo "2139"]
[Result "1-0"]
[Round "02"]
[TimeControl "180+1"]
[Date "2022.03.30"]
[WhiteClock "0:02:33"]
[BlackClock "0:02:02"]

1. e4 c5 2. Nf3 Nc6 3. Bb5 d6 4. O-O Bd7 5. Re1 Nf6 6. c3 a6 7. Bf1 Bg4 8. h3 Bxf3 9. Qxf3 e6 10. d3 Be7 11. Nd2 O-O 12. Qe2 b5 13. g3 Qc7 14. Bg2 Rab8 15. Nf3 Rfd8 16. d4 cxd4 17. cxd4 d5 18. Bf4 Qb6 19. Bxb8 Rxb8 20. exd5 Nxd5 21. Rad1 Bf6 22. Ne5 Rd8 23. Nxf7 1-0


[Site "https://www.chess.com"]

[Event "Titled Tuesday Blitz March 29 Early 2022"]
[White "Korchmar, Vasiliy"]
[Black "Mortazavi, Ali"]
[WhiteFideId "24131750"]
[BlackFideId "401323"]
[WhiteElo "2370"]
[BlackElo "2339"]
[Result "0-1"]
[Round "02"]
[TimeControl "180+1"]
[Date "2022.03.29"]
[WhiteClock "0:00:03"]
[BlackClock "0:00:21"]

1. d4 Nf6 2. Bf4 g6 3. Nc3 Bg7 4. e4 d6 5. Qd2 Nc6 6. O-O-O a6 7. Bh6 O-O 8. h4 Bxh6 9. Qxh6 Ng4 10. Qd2 h5 11. f3 Nf6 12. Qh6 e5 13. Bc4 d5 14. Nxd5 Nxd4 15. c3 b5 16. cxd4 bxc4 17. dxe5 Nxd5 18. exd5 c3 19. bxc3 Qe7 20. e6 Qa3+ 21. Kd2 Qb2+ 22. Kd3 Bxe6 23. Rd2 Qb1+ 24. Ke2 Bxd5 25. Kf2 Rae8 26. Nh3 Qxh1 27. Kg3 Qe1+ 28. Rf2 Re5 29. f4 Rf5 30. Ng5 Rxg5+ 31. Qxg5 Qe3+ 0-1


[Site "https://www.chess.com"]

[Event "Titled Tuesday Blitz March 29 Early 2022"]
[White "Kosteniuk, Alexandra"]
[Black "Aaditya Dhingra"]
[WhiteFideId "4128125"]
[BlackFideId "25678191"]
[WhiteElo "2469"]
[BlackElo "1849"]
[Result "1/2-1/2"]
[Round "02"]
[TimeControl "180+1"]
[Date "2022.03.29"]
[WhiteClock "0:00:56"]
[BlackClock "0:00:25"]

1. d4 Nf6 2. Nf3 e6 3. c4 Bb4+ 4. Nbd2 b6 5. g3 Bb7 6. Bg2 O-O 7. O-O d5 8. Ne5 Nbd7 9. f4 Bd6 10. e3 c5 11. g4 Ne4 12. Nxe4 dxe4 13. Nxd7 Qxd7 14. dxc5 bxc5 15. b3 Rad8 16. Bb2 f5 17. Qe2 Qc7 18. Rad1 a5 19. Rd2 Be7 20. Rfd1 Rxd2 21. Rxd2 Rd8 22. Bh3 Bc8 23. Qd1 Rxd2 24. Qxd2 Qd8 25. Qxd8+ Bxd8 26. Be5 Kf7 27. Bd6 Bb6 28. Kf2 Bd7 29. Kg3 g6 30. a4 Bc6 31. Bf1 Bd7 32. Be2 Bc6 33. h4 Bd7 34. h5 Bc6 35. Be5 Bd7 36. Bc3 Bc6 37. Kh3 Bd7 38. Be1 Bd8 39. Bc3 Bc7 40. Kh4 Bd8+ 41. g5 Bc7 42. hxg6+ hxg6 43. Kg3 Bc6 44. Kf2 Bd7 45. Ke1 Bc6 46. Kd2 Bd7 47. Bf6 Bc6 48. Kc3 Bb6 49. Kc2 Bc7 50. Kb2 Ke8 51. Ka2 Kf7 52. Bc3 Ke8 53. Bd1 Kf7 54. Bd2 Ke8 55. Bc2 Kf7 56. Bc3 Ke8 57. Bf6 Kf7 58. Kb2 Ke8 59. Kc3 1/2-1/2


[Site "https://www.chess.com"]

[Event "Titled Tuesday Blitz March 29 Early 2022"]
[White "Kostiukov, Alexandr"]
[Black "Golubev, Mikhail"]
[WhiteFideId "14108100"]
[BlackFideId "14100983"]
[WhiteElo "2202"]
[BlackElo "2374"]
[Result "1-0"]
[Round "02"]
[TimeControl "180+1"]
[Date "2022.03.30"]
[WhiteClock "0:00:08"]
[BlackClock "0:00:05"]

1. g3 g6 2. Bg2 Bg7 3. Nf3 e5 4. e4 Nc6 5. O-O Nge7 6. c3 d5 7. exd5 Nxd5 8. d4 exd4 9. Nxd4 Nxd4 10. cxd4 O-O 11. Nc3 Be6 12. Re1 c6 13. Ne4 Qb6 14. Nc5 Bf5 15. g4 Bc8 16. Rb1 Nc3 17. bxc3 Qxb1 18. Qe2 Qb6 19. Bf4 Qd8 20. h3 a5 21. Qe7 Bf6 22. Qxd8 Rxd8 23. Bc7 Rf8 24. Bd6 Rd8 25. Bc7 Rf8 26. a4 Be6 27. Nxe6 fxe6 28. Rb1 Rf7 29. Bd6 Rd8 30. Bg3 Bg5 31. h4 Bf6 32. Bf1 Bg7 33. Bc4 Re8 34. Re1 Rfe7 35. Bd6 Rd7 36. Bc5 Kf7 37. f4 Bf8 38. f5 Bxc5 39. fxe6+ Kf8 40. Rf1+ Ke7 41. exd7 Rd8 42. dxc5 Rxd7 43. Rf7+ Ke8 44. Rxd7 Kxd7 45. g5 Ke7 46. Bg8 Kf8 47. Bxh7 Kg7 48. Bxg6 Kxg6 49. Kf2 1-0


[Site "https://www.chess.com"]

[Event "Titled Tuesday Blitz March 29 Early 2022"]
[White "Kouskoutis, Georgios-Alexandros"]
[Black "Priasmoro, Novendra"]
[WhiteFideId "4234049"]
[BlackFideId "7105029"]
[WhiteElo "2130"]
[BlackElo "2309"]
[Result "0-1"]
[Round "02"]
[TimeControl "180+1"]
[Date "2022.03.29"]
[WhiteClock "0:00:01"]
[BlackClock "0:00:17"]

1. c4 c5 2. g3 Nc6 3. Bg2 g6 4. Nc3 Bg7 5. e4 e5 6. Nge2 Nge7 7. O-O O-O 8. Rb1 d6 9. a3 Be6 10. d3 Qd7 11. b4 b6 12. Be3 Nd4 13. Bxd4 cxd4 14. Nd5 Nxd5 15. cxd5 Bh3 16. Qb3 Bxg2 17. Kxg2 f5 18. f3 Rac8 19. Rbc1 Bh6 20. Rc6 fxe4 21. dxe4 Kg7 22. b5 Rf6 23. Qc2 Rff8 24. Nc1 Kh8 25. Nd3 Be3 26. a4 h5 27. h3 Rxc6 28. dxc6 Qf7 29. Nb4 h4 30. gxh4 g5 31. c7 Rc8 32. Nd5 gxh4 33. Kh1 Qe6 34. Qg2 Bh6 35. Qg4 Qe8 36. Rd1 Qf8 37. Kg2 Re8 38. Ne7 Qxe7 39. c8=Q Rxc8 40. Qxc8+ Kg7 41. Qg4+ Kh7 42. Kh1 Be3 43. Qh5+ Kg7 44. Qg4+ Kh6 45. Qf5 Qg7 46. Qg4 Qf6 47. Kg2 Qe7 48. Kf1 Qc7 49. Qxh4+ Kg7 50. Qg4+ Kf8 51. Qf5+ Kg7 52. Qg4+ Kh7 53. Qh5+ Bh6 54. f4 exf4 55. Rxd4 Qc1+ 56. Qd1 Qe3 57. Rxd6 Qxh3+ 58. Ke2 Qg4+ 59. Kd3 Qxd1+ 0-1


[Site "https://www.chess.com"]

[Event "Titled Tuesday Blitz March 29 Early 2022"]
[White "Kozak, Antoni"]
[Black "Schut, Han"]
[WhiteFideId "21832030"]
[BlackFideId "1005561"]
[WhiteElo "2236"]
[BlackElo "2057"]
[Result "1-0"]
[Round "02"]
[TimeControl "180+1"]
[Date "2022.03.30"]
[WhiteClock "0:00:17"]
[BlackClock "0:00:14"]

1. d4 Nf6 2. c4 g6 3. Nc3 d5 4. Nf3 Bg7 5. cxd5 Nxd5 6. e4 Nxc3 7. bxc3 c5 8. Bb5+ Nc6 9. d5 Qa5 10. Rb1 a6 11. Ba4 Bxc3+ 12. Bd2 Bxd2+ 13. Nxd2 b5 14. dxc6 Qxa4 15. Qxa4 bxa4 16. Ke2 Be6 17. Rhc1 Bxa2 18. Ra1 Bb3 19. Rxc5 O-O 20. Rc3 Rfc8 21. Rac1 Be6 22. Ra3 Bb3 23. Nxb3 axb3 24. Rxb3 Ra7 25. Rb7 Rxc6 26. Rb8+ 1-0


[Site "https://www.chess.com"]

[Event "Titled Tuesday Blitz March 29 Early 2022"]
[White "Lagunov, Evgenij"]
[Black "Martin Duque, Jesus"]
[WhiteFideId "4125363"]
[BlackFideId "2208954"]
[WhiteElo "2200"]
[BlackElo "2243"]
[Result "0-1"]
[Round "02"]
[TimeControl "180+1"]
[Date "2022.03.30"]
[WhiteClock "0:00:01"]
[BlackClock "0:00:41"]

1. e4 c5 2. Nf3 b6 3. d4 cxd4 4. Nxd4 Bb7 5. Nc3 a6 6. Bc4 e6 7. Bb3 Qc7 8. a3 Nf6 9. Qe2 Bc5 10. Nf3 Nc6 11. Bg5 Ng4 12. Bh4 h6 13. Bg3 d6 14. h3 Nge5 15. Nxe5 dxe5 16. Qg4 O-O 17. Ne2 Rad8 18. O-O Rd2 19. Rad1 Rfd8 20. Rxd2 Rxd2 21. Bh4 Na5 22. Bxe6 fxe6 23. Qxe6+ Qf7 24. Qxf7+ Kxf7 25. b4 Rxe2 26. bxc5 b5 27. Rd1 Bxe4 28. Rd7+ Kg8 29. Bg3 Nc6 30. c3 Rc2 31. f3 Bf5 32. Rc7 Na5 33. Bxe5 Nc4 34. Rxg7+ Kf8 35. Bd4 Rc1+ 36. Kh2 Nd2 37. Kg3 Nf1+ 38. Kf4 Be6 39. c6 Rd1 40. Rg6 Bf7 41. Rxh6 Re1 42. Be5 Ne3 43. Rh8+ Ke7 44. c7 Nd5+ 45. Kf5 Be6+ 46. Kg6 Rxe5 47. c8=Q Nf4+ 48. Kg7 Rg5+ 49. Kh6 Rg6+ 50. Kh7 Bxc8 51. Rxc8 Rxg2 52. Rc6 Kf7 0-1


[Site "https://www.chess.com"]

[Event "Titled Tuesday Blitz March 29 Early 2022"]
[White "Le Ruyet, Leopold"]
[Black "Lauridsen, Jesper Morch"]
[WhiteFideId "645923"]
[BlackFideId "1401890"]
[WhiteElo "2276"]
[BlackElo "2297"]
[Result "0-1"]
[Round "02"]
[TimeControl "180+1"]
[Date "2022.03.30"]
[WhiteClock "0:00:08"]
[BlackClock "0:00:08"]

1. d4 Nf6 2. c4 g6 3. Nc3 Bg7 4. e4 d6 5. f3 O-O 6. Be3 c5 7. Nge2 cxd4 8. Nxd4 Nc6 9. Be2 Bd7 10. O-O Nxd4 11. Bxd4 a5 12. Nb5 Bxb5 13. cxb5 Nd7 14. Bxg7 Kxg7 15. Qd4+ Kg8 16. Kh1 Qb6 17. Qd2 a4 18. f4 f6 19. Qd5+ Kg7 20. Bg4 Nc5 21. e5 fxe5 22. fxe5 Rxf1+ 23. Rxf1 Rf8 24. Rxf8 Kxf8 25. Qd4 Qxb5 26. h3 Qd3 27. Qf4+ Kg7 28. e6 Ne4 29. Qf7+ Kh6 30. Qf8+ Kg5 31. Qxe7+ Kf4 32. Qh4 Ng3+ 33. Kh2 g5 34. Qh6 Nf1+ 35. Kg1 Qd4+ 36. Kxf1 Kg3 37. Qf8 Qd3+ 38. Ke1 Qb1+ 39. Kd2 Qxb2+ 40. Kd3 Qb5+ 41. Ke4 Qe5+ 42. Kd3 Qb5+ 43. Kd2 Qb4+ 44. Kc2 Qc4+ 45. Kb2 Qb4+ 46. Kc2 Qc4+ 47. Kd2 Qd4+ 48. Ke2 Qb2+ 49. Ke3 Qc3+ 50. Ke4 Qc4+ 51. Kf5 Qf4# 0-1


[Site "https://www.chess.com"]

[Event "Titled Tuesday Blitz March 29 Early 2022"]
[White "Legenia, Artem"]
[Black "Delaney, Killian"]
[WhiteFideId "14136945"]
[BlackFideId "2501570"]
[WhiteElo "1936"]
[BlackElo "2306"]
[Result "0-1"]
[Round "02"]
[TimeControl "180+1"]
[Date "2022.03.30"]
[WhiteClock "0:00:53"]
[BlackClock "0:01:11"]

1. d4 d5 2. Nf3 Nf6 3. Bg5 c5 4. Bxf6 gxf6 5. c3 Nc6 6. e3 Bf5 7. Bd3 Bg6 8. h4 e6 9. h5 Bxd3 10. Qxd3 Qb6 11. b3 Bd6 12. Nbd2 f5 13. a3 O-O-O 14. dxc5 Bxc5 15. b4 Be7 16. Nb3 Rhg8 17. g3 Bf6 18. Rc1 Kb8 19. Kf1 Ne5 20. Nxe5 Bxe5 21. Kg2 Rg4 22. a4 Rdg8 23. Rh3 Qd6 24. Kf1 Bxg3 25. Rxg3 Rxg3 26. fxg3 Qxg3 27. Ke2 Qh2+ 28. Kf3 Qg2+ 29. Kf4 Qg3# 0-1


[Site "https://www.chess.com"]

[Event "Titled Tuesday Blitz March 29 Early 2022"]
[White "Lehtosaari, Mauri"]
[Black "Avalos Parra, Joao"]
[WhiteFideId "501999"]
[BlackFideId "3402541"]
[WhiteElo "2515"]
[BlackElo "2173"]
[Result "1/2-1/2"]
[Round "02"]
[TimeControl "180+1"]
[Date "2022.03.30"]
[WhiteClock "0:00:05"]
[BlackClock "0:00:08"]

1. d4 e6 2. Nf3 Nf6 3. Bg5 d5 4. e3 Nbd7 5. Nbd2 Be7 6. Bd3 b6 7. O-O Bb7 8. c3 O-O 9. a4 a6 10. Qe2 c5 11. Ne5 Ne4 12. Bxe7 Qxe7 13. Nxd7 Qxd7 14. Nf3 f6 15. Bc2 Nd6 16. Rad1 Rad8 17. Nd2 Rfe8 18. Qh5 g6 19. Qh4 Kg7 20. f4 Qe7 21. Nf3 Nc4 22. Qf2 b5 23. axb5 axb5 24. b3 Nd6 25. g4 cxd4 26. cxd4 Rc8 27. g5 Ne4 28. Bxe4 dxe4 29. gxf6+ Qxf6 30. Ne5 Bd5 31. b4 Rc3 32. Ra1 Rec8 33. Ra7+ R8c7 34. Rxc7+ Rxc7 35. Ra1 Qe7 36. Qd2 Qd6 37. Rc1 Rxc1+ 38. Qxc1 Qxb4 39. Qc7+ Kh6 40. Qf7 Qe1+ 41. Kg2 Qe2+ 42. Kg3 Qxe3+ 43. Kh4 Qf2+ 44. Kh3 Qf1+ 45. Kh4 Qe1+ 46. Kh3 Qe3+ 47. Kh4 Qf2+ 48. Kh3 Qf1+ 49. Kh4 Qf2+ 1/2-1/2


[Site "https://www.chess.com"]

[Event "Titled Tuesday Blitz March 29 Early 2022"]
[White "Lewicki, Miroslaw"]
[Black "Postny, Evgeny"]
[WhiteFideId "1113380"]
[BlackFideId "2804344"]
[WhiteElo "2283"]
[BlackElo "2483"]
[Result "0-1"]
[Round "02"]
[TimeControl "180+1"]
[Date "2022.03.29"]
[WhiteClock "0:00:02"]
[BlackClock "0:00:17"]

1. g3 d5 2. Bg2 c6 3. Nf3 Bg4 4. O-O Nd7 5. b3 e5 6. Bb2 Bd6 7. d3 Ngf6 8. Nbd2 Qe7 9. c4 d4 10. e3 dxe3 11. fxe3 O-O-O 12. Qc2 e4 13. Nxe4 Nxe4 14. dxe4 Bxf3 15. Rxf3 Be5 16. Bh3 Kc7 17. Raf1 f6 18. Bd4 Nc5 19. b4 Bxd4 20. exd4 Qxe4 21. Qc3 Na4 22. Qb3 Qxd4+ 23. Kh1 Nb6 24. c5 Nd5 25. b5 Qxc5 26. bxc6 bxc6 27. Be6 Rhe8 28. Bf5 Ne3 29. Qf7+ Re7 30. Qh5 Nxf1 31. Rxf1 g6 0-1


[Site "https://www.chess.com"]

[Event "Titled Tuesday Blitz March 29 Early 2022"]
[White "Lewtak, Damian"]
[Black "Terletsky, Oleg"]
[WhiteFideId "1141724"]
[BlackFideId "14116774"]
[WhiteElo "2362"]
[BlackElo "2064"]
[Result "1-0"]
[Round "02"]
[TimeControl "180+1"]
[Date "2022.03.30"]
[WhiteClock "0:00:18"]
[BlackClock "0:00:06"]

1. e4 e5 2. Nf3 Nc6 3. Bb5 a6 4. Bxc6 dxc6 5. O-O f6 6. d4 exd4 7. Nxd4 c5 8. Nb3 Qxd1 9. Rxd1 Bd7 10. Nc3 O-O-O 11. Be3 b6 12. f3 Bd6 13. Nd5 Kb7 14. Nd2 Ne7 15. Nc4 Nxd5 16. Nxd6+ cxd6 17. exd5 Bf5 18. c3 Rhe8 19. Kf2 h5 20. Re1 b5 21. Bf4 Kc7 22. a4 Rxe1 23. Kxe1 Kb6 24. Kd2 Re8 25. Bxd6 Rd8 26. a5+ Kb7 27. Bxc5 Rxd5+ 28. Bd4 b4 29. h3 h4 30. Ke3 b3 31. Ra4 Bc2 32. c4 Rg5 33. Rb4+ Kc7 34. Kf2 Kc8 35. c5 Rd5 36. Be3 Rd1 37. Bf4 g5 38. Rb8+ Kd7 39. Be3 Ra1 40. Bd2 Kc7 41. Rf8 Bd3 42. Rxf6 Rb1 43. Bc3 Rc1 44. Be5+ Kd7 45. Rd6+ Ke7 46. Rxd3 Rxc5 47. Bc3 Rc4 48. Ke3 Ra4 49. Rd4 Ra2 50. Rb4 1-0


[Site "https://www.chess.com"]

[Event "Titled Tuesday Blitz March 29 Early 2022"]
[White "Li, Hui"]
[Black "Jary, Sergey"]
[WhiteFideId "15400310"]
[BlackFideId "14110350"]
[WhiteElo "1954"]
[BlackElo "2260"]
[Result "1-0"]
[Round "02"]
[TimeControl "180+1"]
[Date "2022.03.30"]
[WhiteClock "0:00:12"]
[BlackClock "0:00:18"]

1. e4 c5 2. Nf3 Nc6 3. d4 cxd4 4. Nxd4 g6 5. Nc3 Nf6 6. Nxc6 bxc6 7. e5 Ng8 8. Bc4 Bg7 9. Qf3 e6 10. Bf4 Ne7 11. O-O O-O 12. Ne4 Nd5 13. Bg5 f6 14. exf6 Nxf6 15. Nxf6+ Bxf6 16. Bxf6 Qxf6 17. Qxf6 Rxf6 18. f4 d5 19. Bd3 a5 20. c3 Kf7 21. g3 Ke7 22. b3 c5 23. a3 Rf8 24. b4 Bd7 25. Rfb1 c4 26. Bc2 Kd6 27. b5 Rfe8 28. a4 e5 29. fxe5+ Rxe5 30. Re1 Rxe1+ 31. Rxe1 Rf8 32. Rf1 Re8 33. Kf2 Bg4 34. Re1 Rf8+ 35. Ke3 Rf3+ 36. Kd2 Rf2+ 37. Kc1 Rxh2 38. Rf1 Ke5 39. Re1+ Re2 40. Rxe2+ Bxe2 41. Kd2 Bg4 42. Ke3 Bd7 43. Bd1 g5 44. Bh5 h6 45. Bg6 Be6 46. Be8 Bg4 47. Bc6 Bd1 48. b6 Kd6 49. b7 Kc7 50. Bxd5 Bxa4 51. Bxc4 Bc6 52. Kd4 Kxb7 53. Kc5 Kc7 54. g4 Bd7 55. Be2 a4 56. Kb4 Kd6 57. c4 Kc7 58. c5 Bc6 59. Bd1 Bd7 60. Be2 Kd8 61. Bd1 Ke7 62. Ka5 a3 63. Bb3 Be6 64. Kb4 Bxb3 65. Kxb3 Ke6 66. Kxa3 Kd5 67. Kb4 Kc6 68. Kc4 Kc7 69. Kd5 Kd7 70. c6+ Kc7 71. Kc5 Kc8 72. Kd6 Kd8 73. Ke6 Kc7 74. Kf5 Kxc6 75. Kg6 Kd6 76. Kxh6 Ke7 77. Kxg5 Kf7 78. Kh6 Kf8 79. Kh7 Kf7 80. g5 Kf8 81. g6 Ke7 82. g7 Kf6 83. g8=Q 1-0


[Site "https://www.chess.com"]

[Event "Titled Tuesday Blitz March 29 Early 2022"]
[White "Liyanage, Ranindu Dilshan"]
[Black "Buscar, Michael"]
[WhiteFideId "9915834"]
[BlackFideId "2603616"]
[WhiteElo "1858"]
[BlackElo "2010"]
[Result "1-0"]
[Round "02"]
[TimeControl "180+1"]
[Date "2022.03.30"]
[WhiteClock "0:01:58"]
[BlackClock "0:01:31"]

1. d4 d5 2. Nf3 Nf6 3. g3 e6 4. Bg2 Be7 5. O-O O-O 6. c4 c6 7. Nc3 Nbd7 8. Qc2 Re8 9. Rd1 b6 10. e4 dxe4 11. Nxe4 Bb7 12. Bf4 Nf8 13. Ne5 Qc8 14. Ng5 Ng6 15. Ngxf7 Nxf4 16. gxf4 c5 17. d5 exd5 18. cxd5 Bf8 19. d6 Nd7 20. Ng5 g6 21. Qc4+ 1-0


[Site "https://www.chess.com"]

[Event "Titled Tuesday Blitz March 29 Early 2022"]
[White "Lopez Gracia, Fernando"]
[Black "Babazada, Khazar"]
[WhiteFideId "2207184"]
[BlackFideId "13413554"]
[WhiteElo "2430"]
[BlackElo "2418"]
[Result "0-1"]
[Round "02"]
[TimeControl "180+1"]
[Date "2022.03.30"]
[WhiteClock "0:01:25"]
[BlackClock "0:00:47"]

1. c4 e5 2. Nc3 Nc6 3. Nf3 f5 4. g3 e4 5. Nh4 d6 6. d3 exd3 7. Qxd3 g6 8. Bg2 Bg7 9. O-O Nge7 10. Nf3 O-O 11. b3 Ne5 12. Qd2 N7c6 13. Bb2 h6 14. Rad1 Kh7 15. Nd5 Be6 16. Nd4 Nxd4 17. Bxd4 c6 18. Nf4 Bf7 19. Bb2 Bxc4 20. Bxe5 dxe5 21. Nxg6 Kxg6 22. Qb4 Bd5 23. e4 fxe4 24. Bxe4+ Kf6 25. f4 Qb6+ 26. Qxb6 axb6 27. Bxd5 cxd5 28. Rxd5 e4 29. Rf2 Ke6 30. Rd1 Rfd8 31. Re1 Bd4 0-1


[Site "https://www.chess.com"]

[Event "Titled Tuesday Blitz March 29 Early 2022"]
[White "Maghsoodloo, Parham"]
[Black "Al-Tarboush, Ward"]
[WhiteFideId "12539929"]
[BlackFideId "7601450"]
[WhiteElo "2630"]
[BlackElo "2276"]
[Result "1-0"]
[Round "02"]
[TimeControl "180+1"]
[Date "2022.03.29"]
[WhiteClock "0:01:06"]
[BlackClock "0:00:03"]

1. e4 e6 2. d4 d5 3. Nd2 c5 4. Ngf3 cxd4 5. Nxd4 Nc6 6. Nxc6 bxc6 7. Bd3 Bd6 8. O-O Ne7 9. f4 O-O 10. c4 e5 11. fxe5 Bxe5 12. Nf3 Bc7 13. cxd5 cxd5 14. exd5 Qxd5 15. Qc2 Bb6+ 16. Kh1 Bf5 17. Bxf5 Qxf5 18. Qxf5 Nxf5 19. Ne5 g6 20. g4 Ne3 21. Bxe3 Bxe3 22. Rad1 Rad8 23. Nd7 Rxd7 24. Rxd7 Kg7 25. b4 h5 26. gxh5 gxh5 27. a4 Kg6 28. Rd3 Bg5 29. Rg3 h4 30. Rg4 f5 31. Rc4 Rb8 32. b5 Be3 33. Rxh4 f4 34. Rfxf4 Bxf4 35. Rxf4 a6 36. bxa6 Ra8 37. h4 Rxa6 38. Kg2 Kh5 39. Kf2 Rc6 40. Ke3 Rc2 41. Kd3 Ra2 42. Kc3 Ra3+ 43. Kb4 Ra1 44. a5 Rb1+ 45. Kc5 Ra1 46. Kb5 Rb1+ 47. Rb4 Re1 48. a6 Re5+ 49. Ka4 Re7 50. Ka5 Re6 51. a7 Re5+ 52. Rb5 1-0


[Site "https://www.chess.com"]

[Event "Titled Tuesday Blitz March 29 Early 2022"]
[White "Majdan, Joanna"]
[Black "Aradhya, Garg"]
[WhiteFideId "1121979"]
[BlackFideId "25006746"]
[WhiteElo "2234"]
[BlackElo "2169"]
[Result "0-1"]
[Round "02"]
[TimeControl "180+1"]
[Date "2022.03.30"]
[WhiteClock "0:01:04"]
[BlackClock "0:01:50"]

1. e4 e5 2. Nf3 Nc6 3. Bc4 Nf6 4. d3 Bc5 5. O-O O-O 6. c3 d6 7. Bg5 h6 8. Bh4 a5 9. Nbd2 g5 10. Nxg5 hxg5 11. Bxg5 Kg7 12. Kh1 Rh8 13. Qf3 Be6 14. Qg3 Nh5 15. Qh4 f6 16. Be3 Qe8 17. Bxc5 dxc5 18. f4 exf4 19. Kg1 Ng3 0-1


[Site "https://www.chess.com"]

[Event "Titled Tuesday Blitz March 29 Early 2022"]
[White "Mangialardo, Tiago Carvalho"]
[Black "Iljin, Timofey"]
[WhiteFideId "2130718"]
[BlackFideId "14110180"]
[WhiteElo "2059"]
[BlackElo "2396"]
[Result "0-1"]
[Round "02"]
[TimeControl "180+1"]
[Date "2022.03.30"]
[WhiteClock "0:00:04"]
[BlackClock "0:00:33"]

1. e4 e5 2. Nf3 Nc6 3. d4 exd4 4. Nxd4 Bc5 5. Nxc6 Qf6 6. Qf3 dxc6 7. Be2 Be6 8. O-O O-O-O 9. Qg3 Bd6 10. Qf3 Qxf3 11. Bxf3 Ne7 12. Be3 Ng6 13. Nd2 Bf4 14. Bxf4 Nxf4 15. Rfd1 g5 16. g3 g4 17. Bg2 Ne2+ 18. Kf1 Nd4 19. c3 Nb5 20. Nb3 b6 21. Nd4 Bc4+ 22. Ke1 Nxd4 23. Rxd4 Rxd4 24. cxd4 Kb7 25. b3 Be6 26. Ke2 Rd8 27. Ke3 f5 28. Rc1 Re8 29. e5 Bd7 30. b4 h5 31. Kf4 a6 32. f3 Rd8 33. Ke3 Rf8 34. a3 Rh8 35. f4 h4 36. Kf2 hxg3+ 37. hxg3 Rh6 38. Rc2 Be8 39. Rc3 Bf7 40. Rc2 Rh2 41. Rc3 Bd5 0-1


[Site "https://www.chess.com"]

[Event "Titled Tuesday Blitz March 29 Early 2022"]
[White "Manolache, Marius"]
[Black "Rabineau, Clement"]
[WhiteFideId "1201530"]
[BlackFideId "628891"]
[WhiteElo "2389"]
[BlackElo "2237"]
[Result "1-0"]
[Round "02"]
[TimeControl "180+1"]
[Date "2022.03.30"]
[WhiteClock "0:01:11"]
[BlackClock "0:00:03"]

1. d4 d6 2. Nf3 g6 3. e4 Bg7 4. Be3 Nf6 5. Bd3 O-O 6. h3 Nc6 7. c3 e5 8. d5 Ne7 9. g4 c6 10. c4 cxd5 11. cxd5 Bd7 12. Nc3 Rc8 13. Nd2 b5 14. Nxb5 Bxb5 15. Bxb5 Nxe4 16. Nxe4 Qa5+ 17. Nc3 Rxc3 18. bxc3 Qxb5 19. Rb1 Qc4 20. Qb3 Qe4 21. O-O Nxd5 22. c4 Nxe3 23. Qxe3 Qxc4 24. Qxa7 e4 25. Rfc1 Qd3 26. Rb3 Qd2 27. Qe3 Qxa2 28. Rd1 Be5 29. Rb4 f5 30. gxf5 Rxf5 31. Rxe4 Qf7 32. Rd2 Rf3 33. Qh6 Qg7 34. Qxg7+ Kxg7 35. Kg2 Rf4 36. Rxf4 Bxf4 37. Ra2 Be5 38. Kf3 g5 39. Ra8 Kg6 40. Rg8+ Kf7 41. Rd8 Kg6 42. Ke4 Bf4 43. f3 h5 44. Rg8+ Kf7 45. Rh8 h4 46. Kf5 Ke7 47. Rh7+ Kd8 48. Ke6 Kc8 49. Rd7 1-0


[Site "https://www.chess.com"]

[Event "Titled Tuesday Blitz March 29 Early 2022"]
[White "Manukyan, Sargis A."]
[Black "Cupid, Kevin"]
[WhiteFideId "13303970"]
[BlackFideId "7700512"]
[WhiteElo "2187"]
[BlackElo "2096"]
[Result "1-0"]
[Round "02"]
[TimeControl "180+1"]
[Date "2022.03.30"]
[WhiteClock "0:00:31"]
[BlackClock "0:00:13"]

1. d4 Nf6 2. e3 e6 3. Nf3 c5 4. Be2 b6 5. O-O Bb7 6. b3 Nc6 7. Bb2 Rc8 8. Nbd2 cxd4 9. Nxd4 Be7 10. Nxc6 dxc6 11. c4 O-O 12. Bf3 Qc7 13. Ne4 Rfd8 14. Qc2 Ne8 15. Ng3 c5 16. Bxb7 Qxb7 17. Rfd1 Qc7 18. Rxd8 Rxd8 19. Rd1 Rxd1+ 20. Qxd1 Qd6 21. Qxd6 Bxd6 22. Ne4 Bc7 23. h3 f6 24. Kf1 Kf7 25. Ke2 h6 26. Nc3 a6 27. a3 Be5 28. Na4 Bxb2 29. Nxb2 Nd6 30. Na4 Nc8 31. b4 cxb4 32. axb4 Ke7 33. c5 b5 34. Nc3 Kd7 35. Kd3 Kc6 36. Ne2 e5 37. Ke4 Ne7 38. Nc3 g6 39. g4 Kd7 40. f4 Ke6 41. Kf3 Nc6 42. Na2 Kd5 43. h4 Kc4 44. g5 fxg5 45. h5 gxh5 46. f5 h4 47. e4 Ne7 48. f6 Ng6 49. c6 Nf8 50. c7 1-0


[Site "https://www.chess.com"]

[Event "Titled Tuesday Blitz March 29 Early 2022"]
[White "Martinez Alcantara, Jose Eduardo"]
[Black "Iskusnyh, Sergei"]
[WhiteFideId "3805662"]
[BlackFideId "4120027"]
[WhiteElo "2690"]
[BlackElo "2492"]
[Result "1-0"]
[Round "02"]
[TimeControl "180+1"]
[Date "2022.03.29"]
[WhiteClock "0:01:36"]
[BlackClock "0:00:24"]

1. e4 e6 2. d4 d5 3. Nc3 Nf6 4. e5 Nfd7 5. f4 c5 6. Nf3 Nc6 7. Be3 Rb8 8. Ne2 b5 9. a3 b4 10. axb4 Rxb4 11. b3 cxd4 12. Nexd4 Nxd4 13. Nxd4 Qc7 14. Qd2 Bc5 15. Nb5 Rxb5 16. Bxb5 O-O 17. Bxd7 Bxd7 18. Qc3 d4 19. Bxd4 Qb7 20. Bxc5 Qxg2 21. O-O-O Rc8 22. Rhg1 Qc6 23. Rxg7+ Kxg7 24. Qg3+ 1-0


[Site "https://www.chess.com"]